Map: Lost and Found LE

Players

Whoping - Winner!

  • Race: Terran Terran
  • League: Platinum
  • Spawn Location: 1:00

Hydrogen

  • Race: Zerg Zerg
  • League: Platinum
  • Spawn Location: 7:00

VOD

Have the link to the VOD?

Description

Time

  • Played on: June 12, 2018, 11:46 a.m.
  • Length: 11:35
Show
View Real Time Build Order
Export as new Build Order

Whoping Terran - Winner!

Build Orders:  

Get SALT Encoding   

  12  0:01  SCV  
  13  0:13  SCV  
  14  0:17  Supply Depot  
  14  0:25  SCV  
  15  0:39  SCV  
  15  0:40  Barracks  
  16  0:44  Refinery  
  16  0:51  SCV  
  17  1:03  SCV  
  18  1:15  SCV  
  19  1:27  Orbital Command  
  19  1:40  Command Center  
  19  1:49  Barracks Reactor  
  19  1:57  Supply Depot  
  19  2:05  SCV  
  20  2:08  Factory  
  20  2:17  SCV  
  20  2:19  Refinery  
  21  2:29  SCV  
  22  2:41  SCV  
  23  2:45  Marine x2  
  25  2:52  Barracks  
  25  2:53  SCV  
  25  2:57  Supply Depot  
  27  2:58  Orbital Command  
  27  3:02  Marine  
  27  3:03  Marine  
  28  3:15  Factory Reactor  
  28  3:18  SCV  
  29  3:21  Starport  
  29  3:22  Marine  
  29  3:24  Marine  
  31  3:28  SCV  
  31  3:30  SCV  
  33  3:40  Marine, SCV  
  35  3:42  Marine, SCV  
  35  3:44  Barracks Tech Lab  
  37  3:53  SCV  
  37  3:54  SCV  
  39  3:57  Marine  
  40  4:09  Medivac x2, Marine x2  
  44  4:12  SCV  
  44  4:13  SCV  
  48  4:17  Widow Mine  
  48  4:18  Engineering Bay  
  48  4:21  Marine  
  48  4:22  Engineering Bay  
  51  4:26  Supply Depot, SCV x2  
  51  4:27  Marine  
  54  4:37  Combat Shields  
  54  4:41  Supply Depot  
  54  4:48  SCV x2  
  56  4:53  Factory Tech Lab  
  56  5:00  SCV x2  
  56  5:03  Marine x2  
  56  5:04  Marauder  
  62  5:09  Supply Depot  
  62  5:11  Supply Depot  
  62  5:12  SCV x2  
  63  5:14  Supply Depot  
  63  5:17  Terran Infantry Weapons Level 1, Terran Infantry Armor Level 1  
  63  5:20  Marine  
  64  5:22  Marine  
  64  5:24  Marine  
  64  5:25  Siege Tank  
  69  5:36  SCV  
  69  5:37  SCV  
  71  5:43  Marauder  
  71  5:49  SCV x2  
  75  5:53  Marine  
  76  5:58  Command Center  
  76  6:01  SCV  
  77  6:04  Marauder  
  77  6:06  Barracks x2  
  77  6:07  Supply Depot x2  
  77  6:08  Supply Depot, Missile Turret  
  79  6:12  Refinery  
  79  6:13  Refinery, SCV x2  
  81  6:18  Marine  
  81  6:19  Marine  
  83  6:25  Siege Tank  
  83  6:26  Marauder  
  88  6:36  Marine  
  88  6:37  Marine  
  90  6:40  Armory  
  90  6:46  SCV  
  90  6:47  Marauder, SCV  
  94  6:56  Concussive Shells  
  94  6:58  Barracks Reactor, SCV, Barracks Tech Lab  
  94  6:59  SCV  
  94  7:00  Marine x2  
  100  7:08  Marauder  
  100  7:10  SCV  
  100  7:11  SCV  
  100  7:13  Orbital Command  
  100  7:14  Supply Depot  
  100  7:15  Supply Depot  
  102  7:16  Medivac  
  107  7:22  SCV  
  107  7:23  SCV  
  107  7:29  Marine  
  110  7:30  Siege Tank  
  110  7:35  Barracks Reactor, SCV x2  
  110  7:36  Refinery  
  112  7:37  Missile Turret  
  112  7:38  Refinery  
  112  7:39  Marauder, Stimpack, Marine x2  
  116  7:45  Terran Infantry Weapons Level 2  
  116  7:48  Marauder  
  116  7:50  SCV  
  116  7:51  SCV x2  
  121  7:56  Marine  
  121  7:57  Marine  
  118  8:01  Marauder  
  118  8:02  SCV  
  118  8:03  SCV  
  113  8:08  Marine  
  113  8:14  Marine x2  
  113  8:15  SCV x2  
  116  8:21  Marine  
  116  8:22  Marine x2  
  116  8:24  Medivac x2  
  116  8:26  Marine  
  116  8:27  SCV  
  122  8:31  Terran Infantry Armor Level 2  
  122  8:32  Marine x2  
  122  8:34  SCV  
  121  8:39  Marine, SCV  
  121  8:40  Marauder, Marine  
  126  8:45  Marauder  
  126  8:46  SCV  
  129  8:49  Command Center  
  129  8:50  Marine x2  
  129  8:51  SCV  
  132  8:57  Marine x2  
  134  9:18  Supply Depot  
  134  9:19  Supply Depot  
  134  9:27  Supply Depot x2  
  134  9:30  Supply Depot  
  134  9:39  Marine x2  
  134  9:40  Marauder x2, Refinery, SCV x2, Siege Tank  
  134  9:41  Marine x2, Supply Depot  
  134  9:43  Supply Depot  
  147  9:52  SCV x2  
  149  9:57  Marine  
  149  10:01  Marauder  
  149  10:02  Barracks, Factory  
  149  10:03  Barracks, Command Center  
  149  10:04  SCV  
  150  10:07  Medivac, Viking  
  154  10:29  Marine x2  
  154  10:30  Marauder x2, Marine  
  149  10:39  Marine  
  149  10:40  Medivac x2  
  154  10:47  Marine x2, Siege Tank  
  152  10:51  Marauder x2  
  154  10:58  Marine  
  154  10:59  Marine  
  154  11:02  Barracks Tech Lab x2  
  150  11:05  Marine x2  
  149  11:13  Marauder x2  
  149  11:16  Marine x2  
Show
View Real Time Build Order
Export as new Build Order

Hydrogen Zerg 

Build Orders: Hatch First 

Get SALT Encoding   

  12  0:02  Drone  
  13  0:12  Overlord  
  13  0:17  Drone  
  13  0:21  Extractor  
  13  0:23  Drone  
  15  0:34  Drone  
  16  0:37  Drone  
  17  0:57  Drone x2  
  17  1:01  Hatchery  
  17  1:04  Extractor  
  17  1:10  Drone  
  18  1:19  Spawning Pool  
  18  1:21  Drone  
  18  1:29  Drone  
  19  1:39  Drone  
  20  1:50  Drone  
  21  2:05  Metabolic Boost  
  21  2:12  Queen  
  21  2:13  Queen  
  21  2:15  Zergling x6  
  28  2:23  Overlord  
  28  2:57  Drone  
  28  2:58  Drone x5  
  34  3:04  Hatchery  
  33  3:09  Queen  
  35  3:14  Overlord  
  35  3:31  Drone, Queen  
  35  3:32  Drone x6  
  44  3:35  Overlord  
  44  4:01  Drone  
  44  4:02  Drone x7  
  52  4:04  Extractor  
  52  4:06  Lair, Extractor  
  50  4:11  Roach Warren  
  49  4:23  Drone  
  49  4:24  Drone x5  
  55  4:30  Queen  
  57  4:33  Overlord  
  57  4:37  Overlord  
  57  4:50  Queen  
  59  5:00  Drone x8  
  59  5:01  Drone x3  
  59  5:04  Glial Reconstitution  
  59  5:07  Overlord  
  70  5:13  Queen  
  72  5:29  Roach  
  72  5:30  Roach x4  
  72  6:16  Spore Crawler  
  71  6:19  Roach x5  
  71  6:20  Spore Crawler, Overlord x2, Roach  
  71  6:21  Overlord x3  
  82  6:29  Overlord x2, Spore Crawler  
  81  6:38  Queen  
  83  6:56  Spore Crawler  
  83  7:00  Roach  
  84  7:01  Roach x11  
  106  7:11  Ravager x4  
  106  7:12  Ravager x4  
  114  7:16  Roach  
  116  7:25  Drone x5  
  121  7:46  Roach  
  121  7:47  Overlord x3, Roach x3  
  121  7:48  Overlord  
  84  8:31  Ravager  
  74  8:48  Roach x11  
  96  9:00  Overlord x2  
  96  9:01  Overlord  
  96  9:11  Ravager  
  96  9:12  Ravager  
  98  9:30  Roach  
  98  9:31  Roach x11  
  122  9:34  Ravager  
  122  9:35  Ravager x2  
  125  9:42  Overseer  
  125  9:48  Roach x3  
  125  9:49  Overlord x2  
  129  10:05  Roach  
  129  10:06  Roach x5  
  137  10:08  Zergling x2  
  137  10:09  Zergling x6  
  135  10:27  Zergling x2  
  135  10:28  Zergling x18  
  137  10:41  Ravager  
  137  10:42  Ravager  
  117  10:58  Roach x3  
  117  10:59  Roach x7  
Tags
 
Add a new tag
Caveats
  • Supply blocks, unpowered buildings, or Contaminate may cause inaccurate times.
  • Supply counts are checked every 10 seconds.